AoeStats
← cmd

QS Arena

503190717Analyzed
3v3 RM · 1mo ago on Aug 30, 2026· 50m 26s· 6 players
Game mode
Random Map
Map size
Normal (6 player)
Population
200
Speed
Normal
Resources
Standard
Victory
Conquest
Starting age
Dark Age
Ending age
Imperial Age
RankedLock teamsTeams togetherTeam positionsShared explorationLock speedFull tech treeHidden civsTurbo modeCheats
Victory
Defeat
🇩🇪 Lithuanians · Germany
938
+14
🇩🇪 Saracens · Germany
931
+14
🇩🇪 Goths · Germany
877
+16
🇺🇸 Magyars · United States
911
-16
🇸🇰 Goths · Slovakia
877
-14
🇬🇧 Bohemians · United Kingdom
865
-18
-Slipstream/Matt
5:54 Loom
8:11 Feudal Age
9:31 Double-Bit Axe
9:56 Horse Collar
14:04 Castle Age
14:57 Bow Saw
17:13 Heavy Plow
18:41 Wheelbarrow
22:39 Hand Cart
27:24 Imperial Age
25:50 Wagenburg Tactics
28:26 Fletching
28:37 Padded Archer Armor
28:48 Town Watch
29:21 Elite Hussite Wagon
30:30 Conscription
31:17 Chemistry
30:45 Ballistics
30:20 Murder Holes
30:56 Masonry
32:20 Town Patrol
32:38 Hussite Reforms
39:55 Hussite Reforms
41:54 Sanctity
41:45 Redemption
41:35 Devotion
42:01 Illumination
41:36 Atonement
41:47 Fervor
41:52 Block Printing
41:33 Herbal Medicine
42:13 Theocracy
41:59 Heresy
-MIRO-SLAV
0:28 Loom
10:12 Feudal Age
15:34 Castle Age
13:25 Double-Bit Axe
13:23 Horse Collar
14:15 Stone Mining
14:35 Gold Mining
18:45 Wheelbarrow
23:01 Heavy Plow
24:35 Hand Cart
24:55 Bow Saw
25:52 Fletching
26:42 Forging
26:55 Caravan
27:24 Town Watch
28:19 Stone Shaft Mining
27:32 Pikeman
28:20 Murder Holes
28:46 Ballistics
29:42 Bodkin Arrow
29:48 Scale Mail Armor
30:23 Iron Casting
29:49 Padded Archer Armor
29:55 Scale Barding Armor
30:57 Anarchy
31:00 Squires
34:43 Imperial Age
33:57 Leather Archer Armor
33:35 Heated Shot
33:56 Masonry
34:53 Halberdier
36:20 Ring Archer Armor
35:51 Bracer
36:50 Man-at-Arms
38:59 Long Swordsman
40:10 Chain Mail Armor
40:56 Blast Furnace
40:17 Chain Barding Armor
39:59 Long Swordsman
42:11 Two-Man Saw
41:45 Crop Rotation
42:04 Elite Huskarl
42:54 Perfusion
44:22 Two-Handed Swordsman
46:24 Chemistry
46:30 Heavy Scorpion
MEOWZEBONG
8:16 Feudal Age
8:51 Double-Bit Axe
10:37 Horse Collar
16:10 Castle Age
15:10 Bloodlines
17:32 Bow Saw
18:27 Scale Barding Armor
19:23 Heavy Plow
23:13 Wheelbarrow
24:53 Corvinian Army
25:09 Thumb Ring
25:28 Chain Barding Armor
24:59 Fletching
25:16 Padded Archer Armor
28:01 Bodkin Arrow
28:22 Leather Archer Armor
32:50 Imperial Age
31:04 Masonry
32:41 Ballistics
33:55 Recurve Bow
34:57 Elite Magyar Huszar
37:30 Plate Barding Armor
37:20 Bracer
42:26 Husbandry
noname
9:55 Feudal Age
11:32 Double-Bit Axe
15:52 Castle Age
13:54 Horse Collar
15:33 Wheelbarrow
17:45 Scale Barding Armor
17:51 Forging
18:40 Bow Saw
19:14 Heavy Plow
20:41 Loom
20:54 Gold Mining
21:07 Town Watch
24:35 Husbandry
24:48 Bloodlines
24:57 Stone Mining
25:59 Masonry
26:18 Hand Cart
26:32 Fortified Wall
26:33 Masonry
30:19 Imperial Age
30:22 Chain Barding Armor
31:25 Iron Casting
32:09 Two-Man Saw
31:29 Siege Engineers
31:05 Treadmill Crane
32:26 Chemistry
31:25 Heavy Camel Rider
33:52 Plate Barding Armor
34:18 Blast Furnace
34:05 Gold Shaft Mining
34:17 Bimaristan
34:22 Counterweights
34:32 Conscription
34:48 Hoardings
34:44 Fletching
36:10 Sanctity
36:08 Block Printing
36:06 Fervor
38:33 Onager
39:17 Treadmill Crane
39:28 Arrowslits
40:57 Ballistics
40:33 Murder Holes
40:54 Siege Onager
42:07 Bodkin Arrow
41:50 Elite Skirmisher
42:34 Padded Archer Armor
43:02 Siege Onager
44:27 Thumb Ring
49:57 Leather Archer Armor
49:46 Bracer
50:02 Leather Archer Armor
cmd
9:27 Loom
11:12 Feudal Age
12:08 Horse Collar
12:17 Double-Bit Axe
15:17 Castle Age
16:35 Heavy Plow
16:49 Bow Saw
17:33 Gold Mining
17:33 Stone Mining
19:36 Wheelbarrow
20:29 Stone Shaft Mining
21:24 Hand Cart
25:28 Squires
24:51 Pikeman
25:46 Forging
25:36 Scale Mail Armor
30:23 Imperial Age
28:31 Chain Mail Armor
28:51 Iron Casting
30:05 Anarchy
31:13 Perfusion
31:34 Conscription
31:47 Crop Rotation
32:21 Two-Man Saw
34:51 Elite Huskarl
36:36 Blast Furnace
helo
8:04 Feudal Age
10:48 Double-Bit Axe
11:58 Wheelbarrow
13:47 Castle Age
12:09 Double-Bit Axe
12:51 Horse Collar
15:58 Bloodlines
16:01 Bloodlines
16:58 Scale Barding Armor
16:54 Gold Mining
18:57 Bow Saw
20:05 Husbandry
23:43 Hand Cart
25:08 Loom
25:46 Chain Barding Armor
26:28 Forging
28:39 Iron Casting
37:42 Imperial Age
35:43 Scale Mail Armor
39:02 Plate Barding Armor
46:07 Cavalier
49:05 Elite Leitis
Connection lost

Rejoining the realm…

Still unreachable

The connection could not be restored.

Session expired

The server has moved on; the page needs a fresh start.